 Dungeon Crawl Stone Soup version 0.20-a0-1086-g4bd2f5b (webtiles) character file.

107 HAL9000 the Chopper (level 4, 0/28 HPs)
             Began as a Gargoyle Fighter on May 1, 2017.
             Slain by Sigmund
             ... wielding a +0 scythe
              (11 damage)
             ... on level 2 of the Dungeon.
             The game lasted 00:04:05 (1792 turns).

HAL9000 the Chopper (Gargoyle Fighter)              Turns: 1792, Time: 00:04:05

Health: 0/28       AC: 10    Str: 21    XL:     4   Next: 85%
Magic:  4/4        EV: 12    Int:  8    God:
Gold:   104        SH:  9    Dex: 14    Spells: 3/3 levels left

rFire    . . .     SeeInvis .   a - +0 war axe
rCold    . . .     Gourm    .   c - +0 shield
rNeg     + . .     Faith    .   b - +0 scale mail
rPois    ∞         Spirit   .   (no helmet)
rElec    +         Reflect  .   (no cloak)
rCorr    .         Harm     .   (no gloves)
MR       .....                  (no boots)
Stlth    +.........             (no amulet)
Regen    0.1/turn               (no ring)
MPRegen  0.1/turn               (no ring)

@: agile
A: negative energy resistance 1, electricity resistance, unbreathing,
petrification resistance, rot immunity, AC +3
a: no special abilities


You were on level 2 of the Dungeon.
You were very hungry.

You visited 1 branch of the dungeon, and saw 2 of its levels.

You collected 104 gold pieces.

Inventory:

Hand Weapons
 a - a +0 war axe (weapon)
Missiles
 i - 4 tomahawks (quivered)
Armour
 b - a +0 scale mail (worn)
 c - a +0 shield (worn)
Scrolls
 g - a scroll of identify {unknown}
 k - 2 scrolls of fear {unknown}
 n - 2 scrolls of enchant armour {unknown}
Potions
 l - 2 potions of agility
 m - a potion of curing {unknown}
Comestibles
 f - 2 bread rations
 h - a meat ration
 o - 2 royal jellies


   Skills:
 - Level 3.2 Fighting
 + Level 4.4 Axes
 - Level 3.2 Armour
 - Level 3.2 Shields


You had 3 spell levels left.
You didn't know any spells.

Dungeon Overview and Level Annotations

Branches:
Dungeon (2/15)

Altars:

Annotations:
D:2 Sigmund


Innate Abilities, Weirdness & Mutations

You are resistant to torment.
Your stone body is resilient. (AC +3)
You are immune to poison.
You resist negative energy. (rN+)
You are resistant to electric shocks. (rElec)
You can survive without breathing.
You are immune to petrification.
You are immune to rotting.


Message History

Sigmund points at you and mumbles some strange words.
You are confused.
You bump into the rock wall.
It was a potion of agility.
You feel agile all of a sudden.
You bump into the rock wall.
You feel less confused.
Sigmund gestures wildly while chanting.
Sigmund flickers and vanishes!
Deactivating autopickup; reactivate with Ctrl-A.
Something hits you.
You closely miss something. Something hits you. You block something's attack.
You hear some strange, mumbled words.
A magic dart appears from out of thin air!
The magic dart hits you!
You closely miss something. Something hits you!
You hit something. Something hits you but does no damage.
You barely miss something. Something hits you!
You die...

#.......... #.#
>............. #.#
..#......[....# #.#
.##...........# #.#
..............# #.#
###...........# #.#
.##..#.#......# #.#
.##..#........###.#
.##..###........@.#
.# #......##### .#
#......# .#
#...(..# .#
######## ##


There were no monsters in sight!

Vanquished Creatures
  4 gnolls
  3 adders
  A dart slug (D:2)
  A leopard gecko (D:1)
  2 giant cockroaches (D:1)
  5 goblins
  8 hobgoblins
  2 jackals
  2 kobolds (D:1)
  A bat (D:1)
  4 frilled lizards
  7 rats
40 creatures vanquished.

Notes
Turn   | Place    | Note
-------+----------+-------------------------------------------
     0 | D:1      | HAL9000 the Gargoyle Fighter began the quest for the Orb.
     0 | D:1      | Reached XP level 1. HP: 14/14 MP: 1/1
   117 | D:1      | Reached skill level 2 in Axes
   236 | D:1      | Reached XP level 2. HP: 17/19 MP: 2/2
   477 | D:1      | Reached skill level 3 in Axes
   484 | D:1      | Reached XP level 3. HP: 21/23 MP: 3/3
   830 | D:2      | Noticed Sigmund
  1227 | D:2      | Reached XP level 4. HP: 16/28 MP: 4/4
  1232 | D:2      | Reached skill level 4 in Axes
  1792 | D:2      | Slain by Sigmund

Vault maps used:
D:1:      lemuel_arrival_lava_pool
D:2:      first_bread, uniq_sigmund

Skill      XL: |  1  2  3  4 |
---------------+-------------+-----
Axes           | 2 3 4 |  4.4
Fighting       | |  3.2
Armour         | |  3.2
Shields        | |  3.2

Action                   |  1- 3 |  4- 6 || total
-------------------------+-------+-------++-------
Melee: War axe           |   110 |    33 ||   143
Throw: Tomahawk          |     3 |       ||     3
  Use: Potion            |       |     2 ||     2
  Eat: Chunk             |     1 |     1 ||     2
Armor: Scale mail        |    47 |    21 ||    68
Dodge: Dodged            |    40 |     8 ||    48
Block: Shield            |    55 |    18 ||    73
